 Dungeon Crawl Stone Soup version 0.30.1-11-g7821555f0a (webtiles) character file.

Game seed: 4285657315573392699

136 Peloso the Covered (level 4, 0/40 HPs)
             Began as a Minotaur Fighter on Dec 5, 2023.
             Slain by Grinder (3 damage)
             ... while paralysed by Grinder
             ... on level 3 of the Dungeon.
             The game lasted 00:03:37 (1927 turns).

Peloso the Covered (Minotaur Fighter)               Turns: 1927, Time: 00:03:38

Health: 0/40       AC: 12    Str: 21    XL:     4   Next: 98%
Magic:  3/3        EV:  2    Int:  5    God:
Gold:   246        SH:  0    Dex: 11    Spells: 3/3 levels left

rFire   . . .        a - +0 long sword
rCold   . . .        e - +0 buckler
rNeg    . . .        d - +0 plate armour
rPois   .            (helmet restricted)
rElec   .            (no cloak)
rCorr   .            (no gloves)
SInv    .            (no boots)
Will    .....        (no amulet) Stlth
                     (no ring)
HPRegen 0.26/turn    (no ring)
MPRegen 0.08/turn

%: no passive effects
@: paralysed, mighty
A: horns 2, retaliatory headbutt
a: no special abilities


You were on level 3 of the Dungeon.
You visited 1 branch of the dungeon, and saw 3 of its levels.

You collected 246 gold pieces.

Inventory:

Hand Weapons
 a - a +0 long sword (weapon)
Armour
 b - a +0 scale mail
 d - a +0 plate armour (worn)
 e - a +0 buckler (worn)
Jewellery
 g - an amulet of faith
Scrolls
 c - 3 scrolls of identify
 k - a scroll of magic mapping {unknown}
Potions
 f - 2 potions of might
 h - a potion of mutation
 j - a potion of curing
 l - a potion of haste {unknown}
 m - a potion of attraction {unknown}


   Skills:
 + Level 4.2 Fighting
 + Level 4.3 Long Blades
 + Level 4.7 Armour
 + Level 0.1 Dodging
 + Level 4.3 Shields


You had 3 spell levels left.
You didn't know any spells.
Your spell library contained the following spells:

 Spells                   Type           Power      Damage    Failure   Level
 Call Canine Familiar     Summ           0%         N/A       100%        3
 Portal Projectile        Hex/Tloc       0%         N/A       100%        3
 Animate Armour           Summ/Erth      0%         N/A       100%        4
 Leda's Liquefaction      Hex/Erth       0%         N/A       100%        4
 Blade Hands              Tmut           0%         N/A       100%        5
 Iron Shot                Conj/Erth      0%         9d1       100%        6


Dungeon Overview and Level Annotations

Branches:
Dungeon (3/15)

Altars:

Annotations:
D:3 Grinder


Innate Abilities, Weirdness & Mutations

You have a pair of horns on your head.
You reflexively headbutt those who attack you in melee.


Message History

Grinder is lightly wounded.
Grinder hits you but does no damage.
You barely miss Grinder.
Grinder is lightly wounded.
Grinder hits you!
You writhe in agony.
You completely miss Grinder.
Grinder is lightly wounded.
Grinder gestures at you. Pain shoots through your body!
* * * LOW HITPOINT WARNING * * *
Grinder hits you.
* * * LOW HITPOINT WARNING * * *
You writhe in agony.
* * * LOW HITPOINT WARNING * * *
You feel much better. Grinder hits you.
You writhe in agony.
You feel very mighty all of a sudden. Grinder hits you but does no damage.
Unknown command.
You slash Grinder! You headbutt Grinder!
Grinder is severely wounded.
Grinder hits you.
You writhe in agony.
* * * LOW HITPOINT WARNING * * *
You barely miss Grinder.
Grinder is severely wounded.
Grinder barely misses you.
You hit Grinder.
Grinder is severely wounded.
You block Grinder's attack.
You hit Grinder but do no damage.
Grinder is severely wounded.
Grinder hits you but does no damage. Grinder gestures at you.
Pain shoots through your body!
* * * LOW HITPOINT WARNING * * *
You slash Grinder! Your headbutt misses Grinder.
Grinder is almost dead.
Grinder gestures at you.
You suddenly lose the ability to move!
Grinder hits you.
You die...

.##.......#.##.....#
............########
.........#.##
........#..#
........#.###########
....###....##.......#
....#####..##.......#
....................#
....#...#####.!.@5..#
.......... #.......#
....###### #.......#
..#.# #.......# ....#
..###.#### ..... ##.
#.# #. #.# #. #.# .$
..


You could see Grinder.

Vanquished Creatures
  Ijyb (D:3)
  A gnoll (D:1)
  5 adders
  3 worms (D:2)
  5 endoplasms
  2 giant cockroaches
  A goblin (D:2)
  2 hobgoblins
  A kobold (D:2)
  6 quokkas
  3 ball pythons
  8 bats
  4 frilled lizards
  10 rats
52 creatures vanquished.

Notes
Turn   | Place    | Note
-------+----------+-------------------------------------------
     0 | D:1      | Peloso the Minotaur Fighter began the quest for the Orb.
     0 | D:1      | Reached XP level 1. HP: 19/19 MP: 0/0
   410 | D:1      | Reached XP level 2. HP: 13/27 MP: 1/1
   903 | D:2      | Reached XP level 3. HP: 33/33 MP: 2/2
  1064 | D:2      | Found a faded altar of an unknown god.
  1429 | D:2      | Reached XP level 4. HP: 40/40 MP: 3/3
  1708 | D:3      | Noticed Ijyb
  1723 | D:3      | Killed Ijyb
  1902 | D:3      | Noticed Grinder
  1919 | D:3      | HP: 2/40 [Grinder (6)]
  1925 | D:3      | HP: 2/40 [Grinder/nerve-wracking pain (9)]
  1926 | D:3      | Paralysed by Grinder for 5 turns
  1927 | D:3      | Slain by Grinder

Illustrated notes

Levels and vault maps discovered:
D:1:      mrwooster_arrival_arrow, layout_loops_cross, glass_columns_c,
          dk_noncrumbling_3, minmay_statues_item
D:2:      minmay_chambers_of_twos, layout_loops_ring,
          hellmonk_ecumenical_altar_blasted
D:3:      layout_rooms, uniq_sigmund, uniq_terence, uniq_ijyb, uniq_grinder

Skill      XL: |  1  2  3  4 |
---------------+-------------+-----
Armour         | 4 |  4.7
Shields        | 4 |  4.3
Fighting       | 4 |  4.2
Long Blades    | 3 4 |  4.3
Dodging        | |  0.1

Action                     |  1- 3 |  4- 6 || total
---------------------------+-------+-------++-------
  Melee: Long sword        |   107 |    62 ||   169
         Headbutt          |    15 |     6 ||    21
    Use: Potion            |     3 |     2 ||     5
         Scroll            |     1 |       ||     1
 Armour: Plate armour      |    89 |    40 ||   129
  Dodge: Dodged            |    38 |    28 ||    66
  Block: Buckler           |    27 |    21 ||    48
